cohdb
Replays
Latest Replays
All Replays
Popular Replays
Top Player Replays
Match Explorer
How It Works
Community
CoH3 Stats
Reddit
Sign in to upload your games and track your stats! →
Sign in with Steam
Match 45681982
Unlisted
Match 45681982
Overview
Messages
Build Orders
End
Kradschützen Motorcycle Team
Selects Italian Combined Arms Battlegroup
Selects Bersaglieri Squad
Bersaglieri Squad
Bersaglieri Squad
Construct Light Support Kompanie
Bersaglieri Squad
Construct Mechanized Kompanie
8 Rad Armored Car
Selects Bersaglieri Bolster
2.5-tonne Medical Truck
Selects Breda Model 30 Light Machine Guns
8 Rad Armored Car
Vehicle Survival Package
Selects Semovente da 75/18 Assault Gun
Ra11
aSIIWarbringer
mikeX
Floppa The Tankist
0
0
Comments
sign in to comment!
No comments posted yet!